 Dungeon Crawl Stone Soup version 0.18.1-48-g4cf74bf (webtiles) character file.

98 Heedrag the Conjurer (level 4, 0/24 HPs)
             Began as a Deep Elf Conjurer on Aug 11, 2016.
             Slain by Grinder (11 damage)
             ... on level 3 of the Dungeon.
             The game lasted 00:03:04 (1582 turns).

Heedrag the Conjurer (Deep Elf Conjurer)            Turns: 1582, Time: 00:03:05

Health: 0/24       AC:  2    Str:  6    XL:     4   Next: 43%
Magic:  3/12       EV: 13    Int: 20    God:
Gold:   85         SH:  0    Dex: 15    Spells: 2 memorised, 7 levels left

rFire  . . .     SeeInvis .     o - -3 quarterstaff (curse)
rCold  . . .     Gourm    .     a - +0 robe
rNeg   . . .     Faith    .     (shield currently unavailable)
rPois  .         Spirit   .     (no helmet)
rElec  .         Dismiss  .     (no cloak)
rCorr  .         Reflect  .     (no gloves)
SustAt .         Harm     .     (no boots)
MR     .....                    l - amulet of rage
Stlth  ++........               (no ring)
                                (no ring)

@: not resistant to hostile enchantments, unstealthy
A: no striking features
a: Evoke Berserk Rage


You were on level 3 of the Dungeon.
You were not hungry.

You visited 1 branch of the dungeon, and saw 3 of its levels.

You collected 85 gold pieces.

Inventory:

Hand Weapons
 o - a cursed -3 quarterstaff (weapon)
 t - a +3 dagger of venom
Armour
 a - a +0 robe (worn)
Jewellery
 l - an amulet of rage (around neck)
Scrolls
 d - a scroll of identify {unknown}
 e - 2 scrolls of remove curse {unknown}
 f - 3 scrolls of noise {unknown}
 i - 3 scrolls of teleportation {unknown}
 j - a scroll of amnesia {unknown}
 k - a scroll of fear {unknown}
 s - a scroll of enchant armour {unknown}
Potions
 h - a potion of agility {unknown}
 m - a potion of curing {unknown}
 p - 2 potions of heal wounds {unknown}
 q - 2 potions of flight {unknown}
Books
 b - a book of Conjurations

   Spells                             Type                      Level
   a - Magic Dart                     Conjuration                  1
   b - Searing Ray                    Conjuration                  2
   c - Dazzling Spray                 Conjuration/Hexes            3
   d - Fulminant Prism                Conjuration/Hexes            4
   e - Iskenderun's Mystic Blast      Conjuration                  4
   f - Iskenderun's Battlesphere      Conjuration/Charms           5
Comestibles
 c - 6 bread rations
 g - 2 meat rations
 n - a slice of pizza
 r - a beef jerky
 u - a chunk of flesh


   Skills:
 - Level 2.4 Dodging
 - Level 2.4 Stealth
 + Level 4.4 Spellcasting
 * Level 5.8 Conjurations


You had 7 spell levels left.
You knew the following spells:

 Your Spells              Type           Power        Failure   Level  Hunger
a - Magic Dart            Conj           ####         1%          1    None
b - Dazzling Spray        Conj/Hex       ###...       12%         3    ###....


Dungeon Overview and Level Annotations

Branches:
Dungeon (3/15)

Altars:
Makhleb

Annotations:
D:3 Grinder; Melfield's ghost, amateur MiBe


Message History

Tha magic dart hits Grinder.
Grinder be severely wounded.
Grinder misses ye.
Castin': Magic Dart Confirm wit' . or Enter, or press ? or * ta list all spells.
Aimin': Magic Dart
Press: ? - help, Shift-Dir - straight line, f/p - Grinder
Aim: Grinder (severely wounded) Tha magic dart hits Grinder.
Grinder be almost dead.
Grinder hits ye!
Ye writha in agony.
Castin': Magic Dart Confirm wit' . or Enter, or press ? or * ta list all spells.
Aimin': Magic Dart
Press: ? - help, Shift-Dir - straight line, f/p - Grinder
Aim: Grinder (almost dead) Tha magic dart hits Grinder.
Grinder be almost dead.
Grinder hits ye!
Ye die...

....####..........#
#.###..........#..#
#.....#........#..#
#####.......##.#(.#
####..).....[.#####
#............".#
#....†.†.###...#
#...####.###...#. #...#
#.@5...>.. #...#
#......... #...#
#......... #...#
###.......
#######...######.........
...
.................>...#..#
...
.................###.....
.. ................##
##...#..
#######..<#.####.###.##.#.


You could see Grinder.

Vanquished Creatures
  A hound (D:2)
  2 adders (D:2)
  A worm (D:3)
  2 dart slugs (D:1)
  A giant gecko (D:2)
  A ball python (D:1)
  4 bats
  6 goblins
  7 hobgoblins
  3 jackals (D:1)
  A giant newt (D:3)
  6 kobolds
  7 rats
42 creatures vanquished.

Notes
Turn   | Place    | Note
--------------------------------------------------------------
     0 | D:1      | Heedrag the Deep Elf Conjurer began the quest for the Orb.
     0 | D:1      | Reached XP level 1. HP: 10/10 MP: 6/6
   306 | D:1      | Reached XP level 2. HP: 15/15 MP: 6/8
   531 | D:1      | Reached skill level 5 in Conjurations
   901 | D:2      | Reached XP level 3. HP: 19/19 MP: 7/10
   906 | D:2      | Learned a level 3 spell: Dazzling Spray
   946 | D:2      | Found a burning altar of Makhleb.
  1135 | D:2      | Found a faded altar to an unknown god.
  1150 | D:2      | Reached XP level 4. HP: 24/24 MP: 10/12
  1449 | D:3      | Noticed Melfield's ghost (amateur MiBe)
  1569 | D:3      | Noticed Grinder
  1582 | D:3      | Slain by Grinder

Skill      XL: |  1  2  3 |
---------------+----------+-----
Conjurations   | 5 |  5.8
Spellcasting   | 4 |  4.4
Dodging        | |  2.4
Stealth        | |  2.4

Action                   |  1- 3 |  4- 6 || total
-------------------------+-------+-------++-------
 Cast: Magic Dart        |    61 |    29 ||    90
  Eat: Chunk             |     1 |     1 ||     2
Armor: Robe              |     1 |     1 ||     2
Dodge: Dodged            |     8 |     2 ||    10
